[ AOE2 MATCH · #508394778 ]
UnrankedArmenians vs Koreans
Player's team · WIN
Rival team · LOSS
[ REPLAY ANALYSIS · EXTRACTED FROM THE RECORDED GAME ]
Feudal
10:06
Castle
21:21
Imperial
39:24
| APM avg | 55.6 |
| APM peak | 119 |
| eAPM avg | 29.2 |
| Villagers / military | 191 / 283 |
Focus
⚔️ 45.8% · 🌾 54.2%
Militia ×111 · Composite Bowman ×79 · Skirmisher ×74 · Monk ×5 · Battering Ram ×4 · Mangonel ×3
Feudal
8:25
Castle
21:31
Imperial
33:42
| APM avg | 77.1 |
| APM peak | 189 |
| eAPM avg | 32.5 |
| Villagers / military | 181 / 214 |
Focus
⚔️ 45.6% · 🌾 54.4%
Skirmisher ×72 · Hand Cannoneer ×65 · Archer ×56 · Bombard Cannon ×8 · Trebuchet (Packed) ×7 · Iron Pagoda ×4
Match map
Initial resources + every placement click. Lines = walls · curves = elevation contours. ◆ gold · ⬟ stone · ● berries · ✦ relic · ◌ wall gap
Your base· ✓ Closed at 21:21 · 44t walls · no gate
Edelreiss's base· Open — opponent sealed themselves in
Smoothed initial terrain · ◌ = detected wall gap · hover for details
Inputs per minute
— [ASYNC]GodsPrisoner - - Edelreiss
Build order — [ASYNC]GodsPrisoner
First 150 of 729 actions detected
| 0:01 | Queue | Villager (Male) |
| 0:02 | Build | House |
| 0:03 | Build | House |
| 0:11 | Queue | Villager (Male) |
| 0:11 | Queue | Villager (Male) |
| 0:12 | Queue | Villager (Male) |
| 1:24 | Queue | Villager (Male) |
| 1:39 | Queue | Villager (Male) |
| 2:23 | Queue | Villager (Male) |
| 2:41 | Build | Mule Cart |
| 2:48 | Queue | Villager (Male) |
| 3:04 | Queue | Villager (Male) |
| 3:28 | Queue | Villager (Male) |
| 3:45 | Queue | Villager (Male) |
| 3:52 | Build | House |
| 3:53 | Build | House |
| 4:32 | Queue | Villager (Male) |
| 4:42 | Build | Barracks |
| 4:54 | Queue | Villager (Male) |
| 5:21 | Queue | Villager (Male) |
| 5:40 | Queue | Militia |
| 5:45 | Queue | Villager (Male) |
| 5:49 | Queue | Militia |
| 6:12 | Queue | Villager (Male) |
| 6:25 | Build | Mill |
| 6:29 | Queue | Villager (Male) |
| 6:43 | Queue | Villager (Male) |
| 7:09 | Research | Loom |
| 7:45 | Research | Feudal Age |
| 7:51 | Build | Mule Cart |
| 8:10 | Build | Mule Cart |
| 8:14 | Build | House |
| 8:15 | Build | House |
| 8:17 | Build | Palisade Wall |
| 8:28 | Queue | Militia |
| 9:01 | Queue | Militia |
| 9:10 | Build | Palisade Wall |
| 9:31 | Queue | Villager (Male) |
| 10:05 | Queue | Villager (Male) |
| 10:06 | Age | Feudal Age |
| 10:08 | Research | Man-at-Arms (upgrade) |
| 10:09 | Research | Double-Bit Axe |
| 10:09 | Research | Double-Bit Axe |
| 10:22 | Build | Archery Range |
| 10:23 | Queue | Villager (Male) |
| 10:46 | Queue | Villager (Male) |
| 11:12 | Queue | Villager (Male) |
| 11:21 | Queue | Villager (Male) |
| 11:27 | Queue | Villager (Male) |
| 11:31 | Queue | Skirmisher |
| 11:31 | Queue | Skirmisher |
| 11:34 | Build | Blacksmith |
| 11:35 | Queue | Villager (Male) |
| 11:47 | Build | Farm |
| 11:47 | Build | Farm |
| 11:47 | Build | Farm |
| 12:09 | Build | Farm |
| 12:13 | Build | House |
| 12:14 | Build | House |
| 12:34 | Queue | Skirmisher |
| 12:38 | Build | Farm |
| 12:39 | Build | Farm |
| 12:46 | Queue | Villager (Male) |
| 13:00 | Build | Farm |
| 13:00 | Queue | Skirmisher |
| 13:05 | Build | Farm |
| 13:17 | Build | Palisade Wall |
| 13:19 | Build | Palisade Wall |
| 13:23 | Queue | Villager (Male) |
| 13:26 | Build | Palisade Wall |
| 13:30 | Queue | Skirmisher |
| 13:33 | Build | Farm |
| 13:43 | Build | Farm |
| 13:48 | Queue | Villager (Male) |
| 13:54 | Build | Farm |
| 13:58 | Queue | Skirmisher |
| 13:59 | Queue | Villager (Male) |
| 14:05 | Build | Farm |
| 14:19 | Queue | Villager (Male) |
| 14:20 | Queue | Archer |
| 14:40 | Queue | Villager (Male) |
| 14:41 | Queue | Skirmisher |
| 14:42 | Queue | Spearman |
| 14:42 | Queue | Spearman |
| 14:47 | Build | Farm |
| 14:50 | Build | Farm |
| 15:02 | Build | House |
| 15:09 | Queue | Villager (Male) |
| 15:12 | Build | Farm |
| 15:19 | Queue | Skirmisher |
| 15:20 | Queue | Spearman |
| 15:21 | Queue | Villager (Male) |
| 15:27 | Build | Farm |
| 15:29 | Build | House |
| 15:38 | Build | Palisade Wall |
| 15:46 | Queue | Villager (Male) |
| 15:52 | Queue | Skirmisher |
| 15:56 | Build | House |
| 16:00 | Queue | Villager (Male) |
| 16:08 | Research | Padded Archer Armor |
| 16:12 | Research | Fletching |
| 16:14 | Queue | Villager (Male) |
| 16:21 | Build | Farm |
| 16:22 | Build | Farm |
| 16:25 | Queue | Villager (Male) |
| 16:30 | Queue | Villager (Male) |
| 16:36 | Queue | Villager (Male) |
| 16:47 | Queue | Skirmisher |
| 16:50 | Queue | Villager (Male) |
| 16:58 | Queue | Villager (Male) |
| 17:05 | Queue | Skirmisher |
| 17:08 | Queue | Skirmisher |
| 17:16 | Queue | Villager (Male) |
| 17:17 | Build | Farm |
| 17:38 | Queue | Villager (Male) |
| 17:40 | Build | Market |
| 17:52 | Build | Farm |
| 17:54 | Build | Farm |
| 17:57 | Research | Padded Archer Armor |
| 17:58 | Queue | Skirmisher |
| 17:59 | Queue | Villager (Male) |
| 18:01 | Queue | Villager (Male) |
| 18:31 | Queue | Villager (Male) |
| 18:34 | Queue | Skirmisher |
| 18:41 | Research | Castle Age |
| 18:43 | Queue | Skirmisher |
| 18:58 | Research | Horse Collar |
| 19:01 | Queue | Skirmisher |
| 19:11 | Queue | Skirmisher |
| 19:36 | Build | Archery Range |
| 19:38 | Queue | Villager (Male) |
| 19:45 | Queue | Skirmisher |
| 19:45 | Queue | Skirmisher |
| 19:49 | Research | Padded Archer Armor |
| 20:00 | Build | House |
| 20:10 | Build | House |
| 20:11 | Build | House |
| 20:11 | Build | House |
| 20:12 | Build | House |
| 20:22 | Queue | Skirmisher |
| 20:23 | Queue | Skirmisher |
| 20:41 | Queue | Skirmisher |
| 20:50 | Build | House |
| 20:52 | Build | House |
| 20:53 | Queue | Skirmisher |
| 20:53 | Queue | Skirmisher |
| 21:15 | Queue | Skirmisher |
| 21:19 | Queue | Villager (Male) |
| 21:21 | Age | Castle Age |
| 21:23 | Research | Elite Skirmisher (upgrade) |
Build order — Edelreiss
First 150 of 544 actions detected
| 0:00 | Queue | Villager (Male) |
| 0:00 | Queue | Villager (Male) |
| 0:01 | Queue | Villager (Male) |
| 0:02 | Build | House |
| 0:02 | Build | House |
| 0:07 | Queue | Villager (Male) |
| 1:25 | Queue | Villager (Male) |
| 1:50 | Queue | Villager (Male) |
| 2:01 | Build | Lumber Camp |
| 2:06 | Queue | Villager (Male) |
| 2:45 | Queue | Villager (Male) |
| 3:16 | Queue | Villager (Male) |
| 3:42 | Queue | Villager (Male) |
| 3:43 | Queue | Villager (Male) |
| 3:52 | Build | House |
| 3:54 | Build | House |
| 4:00 | Queue | Villager (Male) |
| 4:00 | Queue | Villager (Male) |
| 4:20 | Build | Palisade Wall |
| 4:25 | Queue | Villager (Male) |
| 4:27 | Queue | Villager (Male) |
| 4:56 | Queue | Villager (Male) |
| 5:22 | Build | Mining Camp |
| 5:30 | Research | Loom |
| 6:09 | Research | Feudal Age |
| 7:00 | Queue | Villager (Male) |
| 7:26 | Build | Barracks |
| 7:29 | Queue | Villager (Male) |
| 8:04 | Build | Palisade Wall |
| 8:10 | Build | House |
| 8:16 | Queue | Villager (Male) |
| 8:25 | Age | Feudal Age |
| 8:27 | Build | Archery Range |
| 8:30 | Queue | Spearman |
| 8:56 | Queue | Villager (Male) |
| 9:00 | Build | House |
| 9:01 | Build | House |
| 9:07 | Build | Palisade Wall |
| 9:08 | Queue | Archer |
| 9:09 | Queue | Villager (Male) |
| 9:16 | Queue | Archer |
| 9:23 | Research | Double-Bit Axe |
| 9:32 | Queue | Archer |
| 9:33 | Queue | Villager (Male) |
| 9:36 | Build | House |
| 9:37 | Build | Palisade Wall |
| 9:58 | Queue | Archer |
| 10:17 | Queue | Archer |
| 10:23 | Queue | Villager (Male) |
| 10:24 | Queue | Villager (Male) |
| 10:31 | Build | Blacksmith |
| 10:32 | Build | Palisade Wall |
| 10:52 | Queue | Archer |
| 11:00 | Queue | Villager (Male) |
| 11:12 | Queue | Villager (Male) |
| 11:33 | Queue | Villager (Male) |
| 11:42 | Build | House |
| 11:44 | Queue | Villager (Male) |
| 11:48 | Queue | Villager (Male) |
| 11:53 | Build | Palisade Wall |
| 11:55 | Queue | Villager (Male) |
| 12:00 | Build | Mill |
| 12:02 | Queue | Archer |
| 12:17 | Build | House |
| 12:20 | Build | Palisade Wall |
| 12:29 | Queue | Villager (Male) |
| 12:31 | Build | Palisade Wall |
| 12:40 | Build | Farm |
| 12:42 | Build | Farm |
| 12:42 | Build | Farm |
| 12:43 | Build | Farm |
| 12:47 | Queue | Villager (Male) |
| 13:13 | Build | House |
| 13:16 | Queue | Villager (Male) |
| 13:17 | Research | Fletching |
| 13:17 | Research | Fletching |
| 13:20 | Build | Farm |
| 13:30 | Queue | Villager (Male) |
| 13:36 | Build | House |
| 13:39 | Build | Farm |
| 13:54 | Queue | Archer |
| 13:56 | Queue | Villager (Male) |
| 13:59 | Build | Farm |
| 13:59 | Queue | Villager (Male) |
| 14:12 | Build | Farm |
| 14:19 | Queue | Skirmisher |
| 14:25 | Queue | Skirmisher |
| 14:34 | Queue | Skirmisher |
| 14:43 | Build | Palisade Wall |
| 14:46 | Queue | Villager (Male) |
| 14:48 | Build | Farm |
| 14:49 | Build | Farm |
| 15:00 | Queue | Villager (Male) |
| 15:07 | Research | Horse Collar |
| 15:08 | Research | Horse Collar |
| 15:18 | Queue | Skirmisher |
| 15:25 | Build | Farm |
| 15:28 | Queue | Villager (Male) |
| 15:37 | Queue | Skirmisher |
| 15:42 | Queue | Villager (Male) |
| 15:51 | Build | Farm |
| 15:58 | Queue | Skirmisher |
| 16:01 | Queue | Villager (Male) |
| 16:18 | Queue | Villager (Male) |
| 16:21 | Queue | Villager (Male) |
| 16:22 | Build | Farm |
| 16:24 | Queue | Skirmisher |
| 16:31 | Queue | Skirmisher |
| 16:36 | Queue | Villager (Male) |
| 16:40 | Queue | Villager (Male) |
| 16:49 | Queue | Skirmisher |
| 16:56 | Queue | Skirmisher |
| 16:59 | Queue | Skirmisher |
| 17:12 | Build | Farm |
| 17:14 | Build | Farm |
| 17:18 | Build | Farm |
| 17:45 | Build | Lumber Camp |
| 17:52 | Queue | Archer |
| 17:52 | Queue | Archer |
| 18:19 | Queue | Villager (Male) |
| 18:19 | Queue | Archer |
| 18:37 | Build | Archery Range |
| 18:51 | Research | Castle Age |
| 18:51 | Research | Castle Age |
| 19:21 | Queue | Archer |
| 19:22 | Research | Gold Mining |
| 19:23 | Research | Gold Mining |
| 19:31 | Queue | Archer |
| 19:31 | Queue | Archer |
| 19:39 | Queue | Archer |
| 19:39 | Queue | Archer |
| 19:40 | Queue | Archer |
| 19:40 | Queue | Archer |
| 19:48 | Queue | Archer |
| 19:50 | Queue | Villager (Male) |
| 20:08 | Build | House |
| 20:08 | Build | House |
| 20:23 | Queue | Archer |
| 20:38 | Queue | Archer |
| 20:42 | Queue | Villager (Male) |
| 20:47 | Build | House |
| 20:50 | Build | House |
| 20:59 | Queue | Villager (Male) |
| 21:11 | Queue | Archer |
| 21:11 | Queue | Villager (Male) |
| 21:31 | Age | Castle Age |
| 21:34 | Research | Crossbowman (upgrade) |
| 21:35 | Research | Crossbowman (upgrade) |
| 21:35 | Research | Bodkin Arrow |
| 21:35 | Research | Bodkin Arrow |
Match timeline
| 4:20 | Edelreiss · wall_segment Palisade Wall x1 |
| 4:42 | [ASYNC]GodsPrisoner · first_building Barracks |
| 7:26 | Edelreiss · first_building Barracks |
| 8:04 | Edelreiss · wall_segment Palisade Wall x1 |
| 8:17 | [ASYNC]GodsPrisoner · wall_segment Palisade Wall x1 |
| 8:25 | Edelreiss · age_up feudal |
| 8:27 | Edelreiss · first_building Archery Range |
| 9:07 | Edelreiss · wall_segment Palisade Wall x7 |
| 9:10 | [ASYNC]GodsPrisoner · wall_segment Palisade Wall x29 |
| 9:37 | Edelreiss · wall_segment Palisade Wall x5 |
| 10:06 | [ASYNC]GodsPrisoner · age_up feudal |
| 10:22 | [ASYNC]GodsPrisoner · first_building Archery Range |
| 10:32 | Edelreiss · wall_segment Palisade Wall x3 |
| 11:53 | Edelreiss · wall_segment Palisade Wall x3 |
| 12:20 | Edelreiss · wall_segment Palisade Wall x6 |
| 12:31 | Edelreiss · wall_segment Palisade Wall x11 |
| 13:17 | [ASYNC]GodsPrisoner · wall_segment Palisade Wall x5 |
| 13:19 | [ASYNC]GodsPrisoner · wall_segment Palisade Wall x7 |
| 13:26 | [ASYNC]GodsPrisoner · wall_segment Palisade Wall x1 |
| 14:43 | Edelreiss · wall_segment Palisade Wall x1 |
| 15:38 | [ASYNC]GodsPrisoner · wall_segment Palisade Wall x1 |
| 18:25 | [ASYNC]GodsPrisoner · first_market_sell 500 stone |
| 18:26 | [ASYNC]GodsPrisoner · first_market_buy 100 food |
| 21:21 | [ASYNC]GodsPrisoner · age_up castle |
| 21:31 | Edelreiss · age_up castle |
| 21:39 | Edelreiss · first_building Siege Workshop |
| 22:23 | [ASYNC]GodsPrisoner · first_building Siege Workshop |
| 27:07 | Edelreiss · first_building Monastery |
| 27:19 | [ASYNC]GodsPrisoner · first_building Castle |
| 30:01 | Edelreiss · first_market_sell 100 wood |
| 30:45 | [ASYNC]GodsPrisoner · first_building Monastery |
| 32:38 | Edelreiss · wall_segment Stone Wall x1 |
| 33:42 | Edelreiss · age_up imperial |
| 33:42 | Edelreiss · first_market_buy 100 stone |
| 33:47 | Edelreiss · first_building Castle |
| 39:24 | [ASYNC]GodsPrisoner · age_up imperial |
| 50:29 | Edelreiss · resign |
[ AI ANALYSIS · 1 CREDIT ]
What really happened in this match?
Wolo.gg analyzes every decision: build order, eco, micro, common mistakes by bracket. Personalized analysis on WhatsApp or Discord in 30 seconds.
Civ guide
Armenians
Perfil
Jugador #2420511